[Event "*** SCC Grand Prix: Titled Tuesday Blitz"]
[Site "Chess.com"]
[Date "2020.07.21"]
[Round "8"]
[White "FontVella8"]
[Black "GMKrikor"]
[Result "0-1"]
[WhiteElo "2588"]
[BlackElo "2722"]
[TimeControl "180+1"]
[EndTime "11:36:07 PDT"]
[Termination "GMKrikor won by resignation"]

1. b3 b6 2. Bb2 Bb7 3. Nf3 Nf6 4. g3 e6 5. Bg2 d5 6. O-O Be7 7.
d3 O-O 8. Nbd2 c5 9. Ne5 Nfd7 10. e4 Nxe5 11. Bxe5 Nc6 12. Bb2 d4 13. f4 f5 14.
a4 Bd6 15. Qe2 Qd7 16. Rae1 Rae8 17. Nc4 Bc7 18. Bc1 a6 19. g4 b5 20. axb5 axb5 21. Na3 Nb4 22. gxf5 exf5 23. e5 Bxg2 24. Qxg2 Re6 25.
Rf3 Nd5 26. Rg3 Rb8 27. Rg5 Bd8 28. Rg3 Bh4 29. Bd2 Bxg3 30. hxg3 Qc6 31. Kf2 Nb4 32. Bxb4 cxb4 33. Nb1 Qxc2+ 34. Kg1 Qxg2+ 35. Kxg2 Rc8 36. Nd2 Rc3 37. Nf3 Rxd3 38. Ng5 Re8 39. e6 h6 40. Nf7 Re3 41. Rxe3 dxe3 42. Nd6 Rxe6 43. Kf1 Rxd6 44. Ke2 Rc6 0-1

[Event "*** SCC Grand Prix: Titled Tuesday Blitz"]
[Site "Chess.com"]
[Date "2020.07.21"]
[Round "8"]
[White "PowerThinking2650"]
[Black "Richarzard69"]
[Result "1-0"]
[WhiteElo "2350"]
[BlackElo "2213"]
[TimeControl "180+1"]
[EndTime "11:36:08 PDT"]
[Termination "PowerThinking2650 won by checkmate"]

1. e4 e6 2. d4 c5 3. d5 exd5 4.
exd5 d6 5. c4 Nf6 6. Nc3 Be7 7. h3 O-O 8. Bd3 Re8 9. Nf3 Bf8+ 10. Be3 Na6 11. O-O Nc7 12. Bg5 Rb8 13. a4 h6 14. Bh4 a6 15. Qc2 b5 16. cxb5 axb5 17.
Bxb5 Nxb5 18. axb5 g5 19. Bg3 Bg7 20. Rfe1 Rxe1+ 21. Rxe1 Bb7 22. Qf5 Bc8 23. Qd3 g4 24. hxg4 Bxg4 25.
Nd2 Qd7 26. Nc4 Ne8 27. Qd2 Bh5 28. Qf4 Bf8 29. Ne4 Rxb5 30. Nf6+ Nxf6 31. Qxf6 Bg6 32.
Nxd6 Bg7 33. Qe7 Qxe7 34. Rxe7 Rxb2 35. Ne8 Rd2 36. Nxg7 Kxg7 37. d6 c4 38. Rc7 Rd4 39. Be5+ Kh7 40. Bxd4 c3 41. Rc8 Bf5 42. Rxc3 Be6 43.
Re3 Kg6 44. Rxe6+ fxe6 45. d7 e5 46. d8=Q exd4 47. Qxd4 Kh5 48. Qe5+ Kh4 49. Qf4+ Kh5 50. Qf5+ Kh4 51. g3# 1-0

[Event "*** SCC Grand Prix: Titled Tuesday Blitz"]
[Site "Chess.com"]
[Date "2020.07.21"]
[Round "8"]
[White "maciejos95"]
[Black "OK97"]
[Result "1-0"]
[WhiteElo "2504"]
[BlackElo "2778"]
[TimeControl "180+1"]
[EndTime "11:36:09 PDT"]
[Termination "maciejos95 won by checkmate"]

1. e4 g6 2. d4 Bg7 3. Nf3 d6 4. h3 Nf6 5. Bd3 O-O 6. O-O Nbd7 7.
c3 e5 8. dxe5 dxe5 9. Qe2 a5 10.
Rd1 Qe7 11. a4 Nc5 12. Bc2 b6 13. b4 axb4 14. cxb4 Ne6 15. b5 Nf4 16. Bxf4 exf4 17. Ra3 Bb7 18. e5 Rad8 19. Rxd8 Rxd8 20. Rd3 Nd5 21.
Bb3 Nb4 22. Rxd8+ Qxd8 23. Qc4 Nd5 24. Nbd2 Qe7 25. Qd4 Nb4 26. Ne4 h6 27. Nf6+ Kh8 28. Bxf7 Nc2 29. Qd3 Qxf7 30. Qxc2 Bxf6 31. exf6 Bxf3 32.
gxf3 Qxf6 33. Qxc7 Qa1+ 34. Kg2 Qf6 35. Qc6 Qg5+ 36.
Kf1 Qf5 37. Qxb6 Qxh3+ 38. Ke2 g5 39. Qd4+ Kh7 40. Qe4+ Kg7 41. Qe5+ Kg6 42. b6 Qc8 43. Qe4+ Kh5 44. b7 Qc7 45. Qe8+ Kh4 46. b8=Q Qc2+ 47.
Kf1 Kh3 48. Qh5# 1-0

[Event "*** SCC Grand Prix: Titled Tuesday Blitz"]
[Site "Chess.com"]
[Date "2020.07.21"]
[Round "8"]
[White "Andrei_Belozerov"]
[Black "Phriex"]
[Result "1-0"]
[WhiteElo "2556"]
[BlackElo "2387"]
[TimeControl "180+1"]
[EndTime "11:36:09 PDT"]
[Termination "Andrei_Belozerov won by resignation"]

1. e4 c5 2. Nf3 e6 3. d4 cxd4 4.
Nxd4 Nc6 5. Nc3 Qc7 6. Be3 a6 7. Qd2 Nf6 8. O-O-O Be7 9. f3 b5 10. g4 Nxd4 11. Bxd4 Bb7 12. g5 Nh5 13. Kb1 b4 14.
Ne2 d5 15. Ng3 Nf4 16. Bxg7 Rg8 17. Bf6 Rc8 18. Bxe7 Kxe7 19. Qxb4+ Ke8 20. Qd2 Rxg5 21. Bd3 dxe4 22. Bxe4 Bxe4 23. Nxe4 Rg2 24. Qb4 Qxc2+ 25. Ka1 Nd5 26. Nd6+ Kd7 27. Nxc8 Kxc8 28. Qf8+ Kb7 29.
Qxf7+ Ka8 30. Qe8+ Kb7 31. Qd7+ Ka8 32. Qd8+ Kb7 33.
Qh8 Qc6 34. Rc1 Qb5 35. Qc8+ Kb6 36. Qd8+ Ka7 37. Rc7+ Nxc7 38. Qxc7+ Qb7 39. Qc5+ Qb6 40. Qe7+ Qb7 41. Qf6 Rf2 42. Rc1 Rxf3 43. Qxe6 Rf7 44. a3 Re7 45. Qd6 Rd7 46. Qc5+ Qb6 47.
Qc3 Rb7 48. Ka2 Qe6+ 49. Qc4 Qxc4+ 50. Rxc4 Rf7 51. Rh4 Kb7 52. Rh6 Ka7 53. h4 Kb7 54. Kb3 Ka7 55. Ka4 Rf4+ 56. b4 Rf7 57. Rh5 Kb7 58. Ka5 Ka7 59. a4 Kb7 60. Rh6 Rf5+ 61. b5 axb5 62. Rxh7+ Rf7 63. Rxf7+ 1-0

[Event "*** SCC Grand Prix: Titled Tuesday Blitz"]
[Site "Chess.com"]
[Date "2020.07.21"]
[Round "8"]
[White "Lion-Al-Messi"]
[Black "DishonorOnYourCow"]
[Result "1-0"]
[WhiteElo "2429"]
[BlackElo "2316"]
[TimeControl "180+1"]
[EndTime "11:36:10 PDT"]
[Termination "Lion-Al-Messi won by resignation"]

1. d4 Nf6 2. Nf3 g6 3. Nc3 d5 4. Bg5 Bg7 5. e3 O-O 6. Bd3 c5 7. O-O cxd4 8. exd4 Nc6 9. a3 Bg4 10. h3 Bxf3 11. Qxf3 Nxd4 12. Qg3 Nh5 13. Qh4 Nc6 14. Rfe1 Bf6 15. Rad1 e6 16. f4 h6 17. Bxf6 Qxf6 18.
Qg4 Qxf4 19. Bxg6 fxg6 20. Qxg6+ Ng7 21. Rxe6 Qf7 22. Qxf7+ Rxf7 23. Rxh6 d4 24. Nd5 Nf5 25. Rg6+ Kh7 26. Rg5 Ne3 27. Re1 Kh6 28. h4 Rf5 29.
Nxe3 Rxg5 30. hxg5+ Kxg5 31. Nc4 Rd8 32. b4 d3 33.
cxd3 Rxd3 34. b5 Nd4 35. Re7 Rc3 36. Nd6 Rxa3 37. Rxb7 Rb3 38. Rxa7 Kf4 39. Rf7+ Kg3 40. Ne4+ Kg4 41. Rg7+ Kf5 42. Nd6+ Ke6 43. Rg6+ Kd7 44. Ne4 Rb1+ 45. Kh2 Nxb5 46. Rf6 Ke7 47. Rf2 Nd4 48.
g4 Rb3 49. Kg2 Ne6 50. Rf5 Re3 51. Re5 Kf7 52. Nd6+ Kf6 53. Rxe3 Nf4+ 54. Kf3 Nd5 55. Ne4+ 1-0

[Event "*** SCC Grand Prix: Titled Tuesday Blitz"]
[Site "Chess.com"]
[Date "2020.07.21"]
[Round "8"]
[White "isainz"]
[Black "poppy73"]
[Result "1-0"]
[WhiteElo "2142"]
[BlackElo "2242"]
[TimeControl "180+1"]
[EndTime "11:36:10 PDT"]
[Termination "isainz won on time"]

1. e4 c5 2. Nf3 d6 3. d4 cxd4 4. Qxd4 a6 5. c4 Nf6 6. h3 Nc6 7. Qe3 g6 8. Nc3 Bg7 9. Be2 O-O 10. O-O b6 11. Rb1 Bb7 12. b3 Rc8 13. Bb2 Nd7 14. Rfd1 Nce5 15. Nxe5 Bxe5 16. f4 Bg7 17. Bg4 Qc7 18. e5 h5 19. Bxd7 Qxd7 20. exd6 exd6 21.
Qxb6 Rc6 22. Qf2 Re8 23. Nd5 Rc5 24. Bxg7 Kxg7 25. Qd4+ Kh6 26. Nf6 Qc6 27. Rb2 Re6 28. Ng8+ Kh7 29. Nf6+ Kh6 30. Ng8+ Kh7 31. Nf6+ Rxf6 32.
Qxf6 Rf5 33. Qd4 h4 34. Qxd6 Qe4 35. Rbd2 Rxf4 36. Qd4 Qf5 37. Qe3 Qg5 38. Qe1 Re4 39. Qf2 Re3 40. Rd7 1-0

[Event "*** SCC Grand Prix: Titled Tuesday Blitz"]
[Site "Chess.com"]
[Date "2020.07.21"]
[Round "8"]
[White "larisakalinina"]
[Black "ShadowJolteon"]
[Result "0-1"]
[WhiteElo "1951"]
[BlackElo "2334"]
[TimeControl "180+1"]
[EndTime "11:36:10 PDT"]
[Termination "ShadowJolteon won on time"]

1. e4 c6 2. d4 d5 3. Nc3 dxe4 4. Nxe4 Bf5 5. Ng3 Bg6 6. Nh3 e6 7. Nf4 Bd6 8. h4 Qc7 9. Nxg6 hxg6 10. Ne4 Bf4 11. Qf3 Bxc1 12. Rxc1 Nd7 13. c3 Ngf6 14. Ng5 Nb6 15. g3 O-O-O 16. Bh3 Kb8 17. O-O Nc4 18. b3 Nd2 19. Qd3 Nxf1 20. Kxf1 e5 21. Qc4 exd4 22. Nxf7 b5 23. Qc5 Qxf7 24. Qxc6 Qb7 25. Bg2 Qxc6 26. Bxc6 dxc3 27. Bxb5 Ne4 28. Bc6 Rd4 29. Bxe4 Rxe4 30. Rxc3 Rc8 31. Rd3 Rc2 32. a4 Ree2 33. Rf3 Red2 34. a5 Rd5 35. b4 Rb2 36. Rf4 Rb5 37. a6 R2xb4 38. Rf7 Ra4 39. Rf8+ Kc7 40. Rf7+ Kb6 41.
Rxg7 Rxa6 42. Rxg6+ Ka5 43. Rg8 Rf6 44. Rg5 Kb4 45. f4 a5 46. Rg8 a4 47. Ra8 a3 0-1

[Event "*** SCC Grand Prix: Titled Tuesday Blitz"]
[Site "Chess.com"]
[Date "2020.07.21"]
[Round "8"]
[White "a3aki"]
[Black "nitpicker"]
[Result "1-0"]
[WhiteElo "2042"]
[BlackElo "2191"]
[TimeControl "180+1"]
[EndTime "11:36:11 PDT"]
[Termination "a3aki won on time"]

1. e4 c5 2. Nf3 Nc6 3. d4 cxd4 4. Nxd4 Nf6 5. Nc3 d6 6. Bg5 e6 7. Qd2 a6 8. O-O-O Bd7 9. Be2 b5 10. Qe3 Be7 11. h4 Qb6 12. Nxc6 Qxe3+ 13. Bxe3 Bxc6 14. f3 O-O 15. g4 Nd7 16. Nb1 Ne5 17. Nd2 Rac8 18.
Kb1 d5 19. exd5 Bxd5 20. Bd4 Nc6 21. Be3 Rfd8 22. c3 Rb8 23. Nb3 a5 24. Nd4 Nxd4 25.
Bxd4 Rdc8 26. Rh2 Bd6 27. Rhh1 Bf4 28. Bd3 b4 29. cxb4 Bxf3 30. Rhf1 Bxd1 31. Rxf4 Rxb4 32. Be3 Rxf4 33. Bxf4 Bxg4 34. b3 f6 35. Kb2 e5 36.
Bd2 f5 37. Bxa5 e4 38. Bc4+ Kh8 39. Bd2 Rf8 40. Bf4 h6 41. a4 g5 42. hxg5 hxg5 43. Bxg5 f4 44. Kc3 f3 45. Kd4 f2 46. Bf1 Bf3 47. Ke3 Rb8 48. Bf6+ Kh7 49. Kxf2 Rxb3 50. a5 Ra3 51. a6 Kg6 52. Bd4 Bh1 53. a7 Kf7 54.
Bc4+ Ke7 55. Kg1 Kd7 56. Kxh1 1-0

[Event "*** SCC Grand Prix: Titled Tuesday Blitz"]
[Site "Chess.com"]
[Date "2020.07.21"]
[Round "8"]
[White "GadimbayliA"]
[Black "baag"]
[Result "1-0"]
[WhiteElo "2876"]
[BlackElo "2686"]
[TimeControl "180+1"]
[EndTime "11:36:12 PDT"]
[Termination "GadimbayliA won by resignation"]

1. e4 Nf6 2. e5 Nd5 3. d4 d6 4.
Nf3 g6 5. Bc4 Nb6 6. Bb3 Bg7 7.
Ng5 d5 8. O-O h6 9. Nf3 Bg4 10.
c3 e6 11. Nbd2 N8d7 12. Re1 c5 13. h3 Bxf3 14. Nxf3 O-O 15. Bf4 cxd4 16. cxd4 Rc8 17. Qd2 Kh7 18. Rac1 Nc4 19. Bxc4 dxc4 20. d5 exd5 21.
Qxd5 Nc5 22. Qxd8 Rfxd8 23. Rxc4 Nd3 24. Rxc8 Rxc8 25. Re4 Rc2 26. Be3 Rxb2 27. e6 fxe6 28. Rxe6 Rxa2 29. Re7 Kg8 30. Rxb7 a5 31. Nh4 Ne5 32.
f4 Nc4 33. Bc5 a4 34. Nxg6 a3 35. Ne7+ Kh8 36. Ng6+ Kg8 37. Ne7+ Kh8 38. Nf5 Ra1+ 39. Kh2 a2 40. Ra7 Bb2 41. Nxh6 Na3 42. Rxa3 Bxa3 43. Bd4+ Kh7 44. Bxa1 Kxh6 45. g4 Bf8 46. f5 Kg5 47. Kg3 Bd6+ 48. Kf3 Kh4 49. Ke4 Kg5 50.
Kd5 1-0

[Event "*** SCC Grand Prix: Titled Tuesday Blitz"]
[Site "Chess.com"]
[Date "2020.07.21"]
[Round "8"]
[White "Trickov"]
[Black "kirillshevchenko"]
[Result "0-1"]
[WhiteElo "2389"]
[BlackElo "2891"]
[TimeControl "180+1"]
[EndTime "11:36:12 PDT"]
[Termination "kirillshevchenko won on time"]

1. d4 Nf6 2. Nf3 g6 3. g3 Bg7 4. Bg2 O-O 5. O-O d5 6. c4 Nc6 7.
cxd5 Nxd5 8. e4 Nb6 9. d5 Na5 10.
Nc3 c6 11. dxc6 Nxc6 12. Nd5 Bg4 13. h3 Bxf3 14. Bxf3 e6 15. Nc3 Rc8 16. Bg2 Qxd1 17.
Rxd1 Nc4 18. Rb1 b6 19. b3 Bxc3 20. bxc4 Bd4 21. e5 Bxe5 22. Rd7 Na5 23. Rxa7 Nxc4 24. Bh6 Rfd8 25. Bf1 Nd2 26. Rxb6 Nf3+ 27. Kg2 Ne1+ 28. Kh2 Bd4 29. Rbb7 Bxa7 30. Rxa7 Rc2 31. Kg1 Nf3+ 32. Kg2 Nd2 33. Bb5 Ne4 34. Be3 Nc3 35. Bc4 Nd1 36. Bb6 Rb8 37. Bb3 Rd2 38. Bc5 Nb2 39. Be3 Rdd8 40.
Bg5 Rdc8 41. Bf4 Ra8 42. Rb7 Na4 43. h4 Nc3 44. h5 gxh5 45. Bh6 Ra5 46. Bd2 Rac5 47.
Be3 Rf5 0-1

[Event "*** SCC Grand Prix: Titled Tuesday Blitz"]
[Site "Chess.com"]
[Date "2020.07.21"]
[Round "8"]
[White "RestartingChess"]
[Black "InitiatingASC"]
[Result "1-0"]
[WhiteElo "2527"]
[BlackElo "2364"]
[TimeControl "180+1"]
[EndTime "11:36:12 PDT"]
[Termination "RestartingChess won by checkmate"]

1. e4 c5 2. Nf3 Nc6 3. b4 cxb4 4. d4 e6 5. d5 Nb8 6. Bb2 d6 7. Bb5+ Bd7 8. Bxd7+ Nxd7 9. dxe6 fxe6 10. O-O e5 11.
Nbd2 Rc8 12. Re1 Be7 13. Nf1 Ngf6 14. Ng3 O-O 15. Nf5 Nc5 16. Qd2 Nfxe4 17. Nxe7+ Qxe7 18. Rxe4 Nxe4 19. Qd5+ Qf7 20. Qxe4 Qc4 21. Qe1 a5 22. Bc1 Qxc2 23. Be3 Qc3 24. Qd1 Qc6 25. Ng5 d5 26.
Qb3 h6 27. Nf3 Rxf3 28. gxf3 Kh8 29. Rc1 Qg6+ 30. Kh1 Rxc1+ 31. Bxc1 d4 32. Qd5 Qc2 33. Bxh6 gxh6 34. Qxe5+ Kh7 35. Qe7+ Kg6 36. Qd6+ Kg5 37. Qxd4 Qb1+ 38. Kg2 Qf5 39. h4+ Kg6 40. Qb6+ Qf6 41. Qxb7 Qxh4 42. Qa6+ Qf6 43. Qxa5 Qf4 44. Qb6+ Kh5 45.
Qc5+ Kg6 46. Qc2+ Kf7 47. Qh7+ Kf6 48. Qe4 Qxe4 49. fxe4 Ke5 50. Kf3 h5 51. Ke3 h4 52.
f4+ Kd6 53. Kf3 Kc5 54. Kg4 Kd4 55. e5 Ke4 56. Kxh4 Kxf4 57. e6 Kf5 58. e7 Kf6 59. e8=Q Kg7 60. Qb5 Kh8 61. Qxb4 Kh7 62. Qg4 Kh6 63. Kg3 Kh7 64. Kf4 Kh8 65. Kf5 Kh7 66. Kf6 Kh6 67. Qg6# 1-0

[Event "*** SCC Grand Prix: Titled Tuesday Blitz"]
[Site "Chess.com"]
[Date "2020.07.21"]
[Round "8"]
[White "arminmusovic"]
[Black "Danfii"]
[Result "0-1"]
[WhiteElo "2516"]
[BlackElo "2375"]
[TimeControl "180+1"]
[EndTime "11:36:12 PDT"]
[Termination "Danfii won on time"]

1. a3 Nf6 2. Nc3 d5 3. d3 d4 4.
Ne4 Nxe4 5. dxe4 e5 6. Nf3 Nc6 7. e3 Bg4 8. h3 Bh5 9. Bb5 dxe3 10. Bxe3 Qxd1+ 11. Rxd1 Bxf3 12. gxf3 Rd8 13. Bxc6+ bxc6 14. Rxd8+ Kxd8 15. Bxa7 c5 16. c3 Kc8 17. b4 Kb7 18. Bxc5 Bxc5 19. bxc5 Kc6 20. Kd2 Ra8 21. Ra1 Kxc5 22.
a4 Kc4 23. a5 Kb5 24. Rb1+ Kc6 25. Ra1 Kb5 26. Kd3 Rxa5 27. Rxa5+ Kxa5 28. Kc4 Ka4 29. Kd5 f6 30. Kc6 Kb3 31. Kxc7 Kxc3 32. Kd7 Kd3 33. Ke7 Ke2 34. Kf7 Kxf2 35. Kxg7 Kxf3 36. Kxh7 Kxe4 37. Kg6 f5 38. h4 f4 39. h5 f3 40. h6 f2 41. h7 f1=Q 42. h8=Q Qf5+ 43. Kg7 Ke3 44. Qa8 e4 45. Qa7+ Kf3 46. Qb7 Kg3 47. Qc7+ Qf4 0-1

[Event "*** SCC Grand Prix: Titled Tuesday Blitz"]
[Site "Chess.com"]
[Date "2020.07.21"]
[Round "8"]
[White "FMJoseHerrera"]
[Black "Pavel_Mir"]
[Result "1-0"]
[WhiteElo "2493"]
[BlackElo "2344"]
[TimeControl "180+1"]
[EndTime "11:36:13 PDT"]
[Termination "FMJoseHerrera won on time"]

1. c3 Nf6 2. Na3 e5 3. Nc2 d5 4. d4 Nc6 5. dxe5 Nxe5 6. Bf4 Ng6 7. Bg3 h5 8. f3 h4 9. Bf2 Bd6 10.
Nh3 Bxh3 11. gxh3 Qe7 12. Qd4 c5 13. Qa4+ Qd7 14. Qxd7+ Kxd7 15. O-O-O Kc6 16. e4 dxe4 17. fxe4 Nxe4 18. Bg2 f5 19. Ne3 Kc7 20. Bxe4 fxe4 21. Rhg1 Nf4 22. Rxg7+ Kc6 23. Kc2 Nd3 24. Nc4 Bxh2 25. Be3 Rag8 26. Re7 Re8 27. Rf7 Rhf8 28. Rdf1 Rxf7 29. Rxf7 Re6 30. Rh7 Bg3 31. Na5+ Kd5 32. Nxb7 Rb6 33. b3 Ra6 34. a4 Rf6 35. Rh5+ Kc6 36. Nxc5 Ne1+ 37. Kb2 Rf3 38. Bd4 Nd3+ 39. Nxd3 exd3 40. b4 Rf1 41. Be3 Re1 42. Bd2 Rd1 43.
Bg5 Re1 44. c4 Be5+ 45. Kb3 Rb1+ 46. Ka3 Bc3 47. b5+ Kd7 48. Be3 d2 49. Bxd2 Bxd2 50. Rd5+ Ke6 51. Rxd2 1-0

[Event "*** SCC Grand Prix: Titled Tuesday Blitz"]
[Site "Chess.com"]
[Date "2020.07.21"]
[Round "8"]
[White "ChessWarrior7197"]
[Black "FabianoCaruana"]
[Result "1-0"]
[WhiteElo "2918"]
[BlackElo "3046"]
[TimeControl "180+1"]
[EndTime "11:36:14 PDT"]
[Termination "ChessWarrior7197 won by checkmate"]

1. e4 e5 2. Nf3 Nc6 3. Bc4 Bc5 4. O-O Nf6 5. d4 Bxd4 6. Nxd4 Nxd4 7. Bg5 d6 8. f4 Qe7 9. Na3 Bd7 10. fxe5 dxe5 11.
Bxf6 gxf6 12. c3 Ne6 13. Qf3 Nf4 14. g3 Nh3+ 15. Kh1 Ng5 16. Qe3 f5 17. Nb5 Bxb5 18. Bxb5+ c6 19. Rxf5 f6 20. Bc4 O-O-O 21. Raf1 Rhf8 22. h4 Ne6 23. Qxa7 Nc5 24. Re1 Rd2 25. b4 Nd7 26. Qe3 Qd6 27. Rf2 Rxf2 28. Qxf2 Kc7 29.
Bb3 Rd8 30. Rd1 Qe7 31. Qd2 Rf8 32. a4 f5 33. exf5 Rxf5 34. Qe3 e4 35. Re1 Nf6 36. Bc2 Qd6 37. Bxe4 Re5 38. Qf4 Nh5 39. Qf7+ Kb8 40. Kg2 Qd2+ 41. Qf2 Qxc3 42. Qf8+ Ka7 43. Qf2+ Kb8 44. b5 cxb5 45. axb5 Qb4 46. Qb6 Qxe1 47.
Qxb7# 1-0

[Event "*** SCC Grand Prix: Titled Tuesday Blitz"]
[Site "Chess.com"]
[Date "2020.07.21"]
[Round "8"]
[White "talman67"]
[Black "rasmussvane"]
[Result "0-1"]
[WhiteElo "2495"]
[BlackElo "2867"]
[TimeControl "180+1"]
[EndTime "11:36:14 PDT"]
[Termination "rasmussvane won by resignation"]

1. e4 c6 2. d4 d5 3. e5 Bf5 4.
Nf3 e6 5. Be2 Ne7 6. O-O Ng6 7.
Be3 f6 8. c4 Nd7 9. Nc3 Be7 10.
exf6 Bxf6 11. Bd3 Bxd3 12. Qxd3 O-O 13. Rfe1 Nb6 14. b3 Qd7 15. Bg5 Rad8 16. Bxf6 Rxf6 17. c5 Nc8 18. Ne5 Nxe5 19. Rxe5 Ne7 20. Rae1 Ng6 21. R5e3 Nf4 22. Qd2 Rdf8 23. Ne2 Nh5 24. f3 Qf7 25. Nc1 Qg6 26. Nd3 Qg5 27. Qe2 Qh4 28. Rxe6 Qxd4+ 29. Qe3 Qc3 30. Re7 h6 31. Rxb7 d4 32. Qe4 Nf4 33. Nxf4 Rxf4 34. Qe6+ Kh8 35.
Qe5 R4f6 36. Rd1 Qc2 37. Qxd4 Rg6 38. Rd2 Qb1+ 39. Kf2 Qf5 40. Re2 Rxg2+ 41. Ke1 Qb1+ 42. Kd2 Qxa2+ 43. Kc3 Qxe2 44. Kb4 Qxf3 0-1

[Event "*** SCC Grand Prix: Titled Tuesday Blitz"]
[Site "Chess.com"]
[Date "2020.07.21"]
[Round "8"]
[White "Jbd735"]
[Black "JoliyRoger"]
[Result "1/2-1/2"]
[WhiteElo "2469"]
[BlackElo "2323"]
[TimeControl "180+1"]
[EndTime "11:36:14 PDT"]
[Termination "Game drawn by repetition"]

1. e4 c6 2. d4 d5 3. Nc3 h6 4. Be3 dxe4 5. Nxe4 Bf5 6. Ng3 Bh7 7. Bd3 Bxd3 8. Qxd3 Nd7 9. Nf3 Qc7 10. O-O-O e6 11. Rhe1 Ngf6 12. Ne4 O-O-O 13. Nxf6 Nxf6 14. Ne5 Bd6 15. Bf4 g5 16. Bg3 h5 17. Nc4 Bxg3 18. hxg3 h4 19.
Re5 Ng4 20. Re2 Rd5 21. Qf3 Nh6 22. Qf6 Qd8 23. Qxd8+ Rhxd8 24. c3 hxg3 25. fxg3 Ng4 26. Rf1 R8d7 27. Re4 Nh6 28. Ne5 Re7 29. g4 f5 30. Re3 Nxg4 31. Nxg4 fxg4 32. Rg3 e5 33. Re1 Kd7 34. dxe5 Rdxe5 35. Rd1+ Kc7 36. Rxg4 b5 37. Kc2 a5 38. Rd2 a4 39. a3 R7e6 40. c4 Kb6 41. cxb5 cxb5 42. Rgd4 Rc6+ 43. Kd1 Rce6 44. Rd6+ Kc5 45.
Rxe6 Rxe6 46. Rf2 Re5 47. Kc2 Kc4 48. Rd2 b4 49. axb4 Kxb4 50. Rd4+ Kb5 51. Rg4 Rf5 52. Kc3 Rc5+ 53. Kd2 Rd5+ 54. Kc2 Rc5+ 55. Kb1 Rf5 56. Ka2 Re5 57. Ka3 Re3+ 58. Ka2 Re5 59. Ka3 Re3+ 60. Ka2 Re5 1/2-1/2

[Event "*** SCC Grand Prix: Titled Tuesday Blitz"]
[Site "Chess.com"]
[Date "2020.07.21"]
[Round "8"]
[White "fmshawnrl123"]
[Black "TargetA"]
[Result "0-1"]
[WhiteElo "2659"]
[BlackElo "2581"]
[TimeControl "180+1"]
[EndTime "11:36:15 PDT"]
[Termination "TargetA won on time"]

1. c4 g6 2. g3 Bg7 3. Bg2 e5 4. Nc3 d6 5. e4 Nc6 6. Nge2 f5 7. d3 Nf6 8. O-O O-O 9. Nd5 Nxd5 10. cxd5 Ne7 11.
Bd2 c6 12. dxc6 bxc6 13. Rc1 Be6 14. a3 Rb8 15. Bc3 d5 16. exf5 Nxf5 17. Bb4 Qb6 18. Bxf8 Rxf8 19. Qc2 Bh6 20. Qxc6 Bxc1 21. Rxc1 Nd4 22.
Nxd4 Rc8 23. Qxe6+ Qxe6 24. Nxe6 Rxc1+ 25. Bf1 h6 26. Nd8 Kf8 27. Nb7 Ke7 28. b4 Ra1 29. Na5 Kd6 30.
f4 Rxa3 31. fxe5+ Kxe5 32. Kf2 Ra2+ 33. Be2 Kd4 34. Nc6+ Kc3 35. b5 d4 36. Kf3 h5 37.
h3 a6 38. bxa6 Rxa6 39. Ne7 Kd2 40. Bf1 Rf6+ 41. Ke4 Rxf1 42. Kxd4 Rf3 43. Nxg6 Rxd3+ 44. Ke4 Rxg3 45. Nf4 h4 46. Kf5 Ke3 47. Ng6 Rxh3 48. Kg4 Rg3+ 49. Kf5 Rxg6 0-1

[Event "*** SCC Grand Prix: Titled Tuesday Blitz"]
[Site "Chess.com"]
[Date "2020.07.21"]
[Round "8"]
[White "vpsetter"]
[Black "Mikasinski"]
[Result "1-0"]
[WhiteElo "2606"]
[BlackElo "2429"]
[TimeControl "180+1"]
[EndTime "11:36:15 PDT"]
[Termination "vpsetter won by checkmate"]

1. e4 c5 2. Nf3 d6 3. d4 cxd4 4.
Nxd4 Nf6 5. Bd3 Nc6 6. Nb3 g6 7. O-O Bg7 8. f4 O-O 9. Kh1 Nb4 10. Nc3 Nxd3 11. cxd3 e6 12. Be3 d5 13. e5 Nd7 14.
Rc1 b6 15. Nb5 a5 16. N3d4 Ba6 17. Nc6 Qh4 18. Nc7 Nc5 19. Bxc5 bxc5 20. Nxa8 Rxa8 21. Rxc5 Rc8 22. Qc2 Kh8 23. Nxa5 Ra8 24. Nb3 h5 25.
Nc1 g5 26. Qf2 Qg4 27. fxg5 Qxg5 28. Qf4 Qg6 29. Rf3 Bf8 30. Rc2 Bh6 31. Qxf7 Qf6 32. Rxf6 Bg7 33. Qxh5+ Kg8 34. Qf7+ Kh7 35. Rf3 Rf8 36.
Rh3# 1-0

[Event "*** SCC Grand Prix: Titled Tuesday Blitz"]
[Site "Chess.com"]
[Date "2020.07.21"]
[Round "8"]
[White "alexrustemov"]
[Black "Thipsay"]
[Result "1-0"]
[WhiteElo "2687"]
[BlackElo "2466"]
[TimeControl "180+1"]
[EndTime "11:36:16 PDT"]
[Termination "alexrustemov won by resignation"]

1. d4 Nf6 2. c4 g6 3. Nf3 Bg7 4. g3 d6 5. Bg2 O-O 6. Nc3 Nbd7 7. d5 e5 8. dxe6 fxe6 9. Qc2 e5 10. Be3 Ng4 11. Bg5 Ngf6 12. O-O Nc5 13. Qc1 Ne6 14. Bh6 Bxh6 15. Qxh6 Ng4 16. Qd2 Kg7 17. h3 Nf6 18. Rac1 Nh5 19. b4 Bd7 20. c5 Bc6 21. cxd6 cxd6 22.
b5 Bxf3 23. Bxf3 Nd4 24. Bxb7 Rb8 25. Bc6 Qe7 26. Kg2 Qf7 27. Bd5 Qf5 28. Be4 Qe6 29.
Qd3 Nf5 30. Nd5 Rf7 31. a4 Nd4 32. e3 Nf5 33. Rc7 Rxc7 34. Nxc7 Qf7 35. Nd5 Rf8 36. Bxf5 gxf5 37. Rc1 f4 38. Rc7 fxg3 39. fxg3 Qxc7 40.
Nxc7 Rf6 41. Ne8+ Kf7 42. Nxf6 Nxf6 43. Qxd6 e4 44. a5 Kg6 45. b6 h5 46. bxa7 1-0

[Event "*** SCC Grand Prix: Titled Tuesday Blitz"]
[Site "Chess.com"]
[Date "2020.07.21"]
[Round "8"]
[White "kobemagic"]
[Black "Savva09022009"]
[Result "1-0"]
[WhiteElo "2334"]
[BlackElo "2423"]
[TimeControl "180+1"]
[EndTime "11:36:16 PDT"]
[Termination "kobemagic won by resignation"]

1. d4 Nf6 2. Bg5 e6 3. e3 d5 4. Bd3 Be7 5. Nf3 O-O 6. O-O c5 7. c3 Nc6 8. Nbd2 Bd6 9. e4 dxe4 10. Nxe4 Be7 11. Bxf6 Bxf6 12. Nxc5 b6 13. Ne4 Be7 14. Qe2 Bb7 15. Rad1 Qc7 16. Rfe1 Rad8 17. Bb1 Na5 18.
Ne5 Bd5 19. Qh5 g6 20. Qh6 f5 21. Ng5 Bf6 22. Nef3 Nc4 23. b3 Na3 24. Nxe6 Bxe6 25. Rxe6 Nxb1 26. Rxb1 Qxc3 27. Rbe1 Bxd4 28. Nxd4 Qxd4 29.
Re7 Qh8 30. Rxa7 Rde8 31. Rc1 Rf7 32. Rxf7 Kxf7 33. Rc7+ Re7 34. Rxe7+ Kxe7 35. Qe3+ Kd7 36. h3 Qa1+ 37. Kh2 Kc6 38. a4 Qf6 39. g3 Qb2 40.
Kg2 Qf6 41. Qd3 Qe5 42. Qc4+ Kd6 43. b4 Qb2 44. a5 bxa5 45. bxa5 Qb7+ 46. Kg1 Qb1+ 47.
Kh2 Qe1 48. Qd4+ Kc7 49. Qb6+ Kc8 50. a6 f4 51. gxf4 Qe4 52. Qb7+ Kd8 53. Qxe4 1-0

[Event "*** SCC Grand Prix: Titled Tuesday Blitz"]
[Site "Chess.com"]
[Date "2020.07.21"]
[Round "8"]
[White "biostatistician"]
[Black "sm_sharon"]
[Result "1-0"]
[WhiteElo "2564"]
[BlackElo "2056"]
[TimeControl "180+1"]
[EndTime "11:36:16 PDT"]
[Termination "biostatistician won on time"]

1. d4 g6 2. Nf3 Bg7 3. c4 d6 4. Nc3 Nf6 5. e4 O-O 6. Be2 e5 7. dxe5 dxe5 8. Qxd8 Rxd8 9. Bg5 Re8 10. Nd5 Nxd5 11.
cxd5 c6 12. Bc4 cxd5 13. Bxd5 Nc6 14. O-O-O Be6 15. Bxe6 Rxe6 16. Rd7 f6 17. Be3 Re7 18.
Rxe7 Nxe7 19. Rd1 Nc6 20. Rd7 Rb8 21. Nd2 Bf8 22. Kb1 a6 23. Nc4 b5 24. Nb6 Rd8 25.
Rc7 Nb4 26. a3 Rd1+ 27. Rc1 Rxc1+ 28. Kxc1 Nd3+ 29. Kb1 Bc5 30. Bxc5 Nxc5 31. f3 Kf7 32. Kc2 Ke6 33. Nd5 Nd7 34. Nc7+ Kd6 35. Nxa6 f5 36. Kd3 f4 37. b3 g5 38. Nb4 Nc5+ 39. Kc3 h5 40.
Nd3 Ne6 41. h3 Nd4 42. Kb4 Nc2+ 43. Kxb5 Nxa3+ 44. Kb6 Nc2 45. b4 Ne3 46. Ne1 g4 47. hxg4 hxg4 48. fxg4 Nxg4 49. b5 Nf2 50. Ka7 Nxe4 51.
Nd3 Nc3 52. b6 Nb5+ 53. Ka6 Nd4 54. b7 Nc6 55. Kb6 Nb8 56. Nc5 Kd5 57. Kc7 Kxc5 58. Kxb8 e4 59. Kc7 f3 60. gxf3 exf3 61. b8=Q Kd4 62.
Qb2+ Ke3 63. Qc1+ Kf2 64. Kd6 Kg2 65. Qg5+ Kf1 66. Qc1+ Kg2 67. Qc6 Kg1 68. Qxf3 1-0

[Event "*** SCC Grand Prix: Titled Tuesday Blitz"]
[Site "Chess.com"]
[Date "2020.07.21"]
[Round "8"]
[White "Boudicca64"]
[Black "Azoulas1"]
[Result "1-0"]
[WhiteElo "1796"]
[BlackElo "1996"]
[TimeControl "180+1"]
[EndTime "11:36:16 PDT"]
[Termination "Boudicca64 won on time"]

1. e4 c5 2. g3 e6 3. Bg2 Nc6 4. c3 Nf6 5. Ne2 d5 6. exd5 Nxd5 7. O-O Be7 8. d4 cxd4 9. cxd4 O-O 10. Nbc3 Nxc3 11.
bxc3 Qc7 12. Be3 Na5 13. Rc1 Nc4 14. Nf4 Bd7 15. d5 e5 16. Nd3 Nxe3 17. fxe3 Bc5 18. Nxc5 Qxc5 19. Qf3 Bb5 20. Rf2 Rad8 21. e4 f6 22. Kh1 a5 23. Rd2 Bc4 24. Rcd1 Rd6 25. Bh3 b5 26. Be6+ Kh8 27. Qh5 Qe3 28. Bf5 h6 29. Qg6 Qf3+ 30. Kg1 Qe3+ 31. Kg2 Kg8 32. Qh7+ Kf7 33. Bg6+ Ke7 34. Qxg7+ Kd8 35. Qxf8+ Kc7 36.
Qe7+ Rd7 37. Qxf6 Be2 38. Qxe5+ Kb7 39. Qe6 Qf3+ 40. Kh3 Rd6 41. Qe7+ Ka8 42. Qe8+ Ka7 43. Bh5 Qxh5+ 44. Qxh5 Bxh5 45. Rf1 Bg6 46. Rf8 1-0